[Event "Irish Women's Championship 2025"]
[Site "Dublin IRL"]
[Date "2025.10.24"]
[Round "1.1"]
[White "Ferguson, Dayna"]
[Black "Mirza, Diana"]
[Result "0-1"]
[BlackTitle "WFM"]
[WhiteElo "1808"]
[BlackElo "2004"]
[WhiteICU "1814"]
[BlackICU "1980"]
[WhiteClub "Drogheda"]
[BlackClub "U.C.D."]
[WhiteNationality "IRL"]
[BlackNationality "IRL"]
[WhiteFideId "2509342"]
[BlackFideId "2503999"]
[PlyCount "72"]
[ECO "A59"]
[Opening "Benko gambit"]
[Variation "main line"]
[FIDETournamentId "447968"]
[ChessResultsKey "1279549"]
[Venue "Talbot Hotel Stillorgan"]
[EventDate "2025.10.24"]
[TimeControl "5400+30"]

{ Event information: <a href="../pairings_irlchw2025.html">Tournament
report</a>. }

1. d4 Nf6 2. c4 c5 3. d5 b5 4. cxb5 a6 5. bxa6 g6 6. Nc3 Bxa6 7. e4 Bxf1 8.
Kxf1 d6 9. g3 Bg7 10. Nf3 O-O 11. Kg2 Nbd7 12. Qe2 Qb6 13. Nd2 Qb7 14. a4
e6 15. dxe6 fxe6 16. f3 d5 17. Rd1 d4 18. Nb5 Ne5 19. b4 d3 20. Qe3 Nfg4
21. Qxc5 Nxf3 22. Nd6 Qd7 23. Nxf3 Bxa1 24. Ba3 $2 (24. Bf4 $17) 24... Qg7
(24... Qxa4 25. Rxa1 Qc2+ $19) 25. a5 Rxf3 $1 26. Kxf3 Bd4 $19 27. Qb5 h5
28. Rxd3 Ne5+ 29. Ke2 Nxd3 30. Qxd3 Rf8 31. b5 Rf2+ 32. Ke1 Qf6 33. b6 Rxh2
34. Kd1 Qf2 35. Kc1 Rh1+ 36. Qd1 Be3+ 0-1

[Event "Irish Women's Championship 2025"]
[Site "Dublin IRL"]
[Date "2025.10.24"]
[Round "1.2"]
[White "Petrenko, Maryna"]
[Black "Dorman, Orla"]
[Result "1-0"]
[WhiteTitle "WFM"]
[WhiteElo "2002"]
[BlackElo "1691"]
[WhiteICU "2128"]
[BlackICU "1743"]
[WhiteClub "Blanchardstown"]
[WhiteNationality "UKR"]
[BlackNationality "IRL"]
[WhiteFideId "14197820"]
[BlackFideId "456039"]
[PlyCount "69"]
[ECO "A58"]
[Opening "Benko gambit accepted"]
[FIDETournamentId "447968"]
[ChessResultsKey "1279549"]
[Venue "Talbot Hotel Stillorgan"]
[EventDate "2025.10.24"]
[TimeControl "5400+30"]

{ Event information: <a href="../pairings_irlchw2025.html">Tournament
report</a>. }

1. d4 Nf6 2. c4 c5 3. d5 b5 4. cxb5 a6 5. bxa6 g6 6. Nc3 Bxa6 7. g3 Bg7 8.
Bg2 d6 9. Nf3 O-O 10. O-O Nbd7 11. Rb1 Qc7 12. b3 Rfb8 13. Qc2 Ng4 14. Bd2
Nb6 15. Rfd1 Ne5 16. Ne1 Bb7 17. h3 Qc8 18. e4 e6 19. f4 Ned7 20. Nb5 Bf8
21. dxe6 fxe6 22. a4 Bc6 23. Nxd6 Bxd6 24. a5 Bf8 25. axb6 Rxb6 26. Bc3
Rab8 27. Ba1 Bg7 28. Bxg7 Kxg7 29. Qc3+ Kg8 30. Nd3 Ba8 31. Qc4 Bb7 32. Qc3
Ba6 33. Nf2 Qc7 34. Ng4 h5 35. Rxd7 1-0

[Event "Irish Women's Championship 2025"]
[Site "Dublin IRL"]
[Date "2025.10.24"]
[Round "1.3"]
[White "Batbaatar, Manduhkai"]
[Black "O'Gorman, Alice"]
[Result "0-1"]
[WhiteElo "1645"]
[BlackElo "1960"]
[BlackICU "2002"]
[BlackClub "Elm Mount"]
[WhiteNationality "IRL"]
[BlackNationality "IRL"]
[WhiteFideId "2523353"]
[BlackFideId "2508214"]
[PlyCount "36"]
[ECO "B21"]
[Opening "Sicilian"]
[Variation "Smith-Morra gambit"]
[FIDETournamentId "447968"]
[ChessResultsKey "1279549"]
[Venue "Talbot Hotel Stillorgan"]
[EventDate "2025.10.24"]
[TimeControl "5400+30"]

{ Event information: <a href="../pairings_irlchw2025.html">Tournament
report</a>. }

1. e4 c5 2. d4 cxd4 3. Qxd4 Nc6 4. Qd1 Nf6 5. Nc3 e6 6. Bc4 Bb4 7. Bd2 O-O
8. Bd3 d5 9. Nf3 Bxc3 10. Bxc3 dxe4 11. Bxf6 Qxf6 12. Bxe4 Qxb2 13. Ng5 h6
14. Bxc6 bxc6 15. Nf3 Ba6 16. Qc1 Qc3+ 17. Nd2 Qe5+ 18. Kd1 Qe2# 0-1

[Event "Irish Women's Championship 2025"]
[Site "Dublin IRL"]
[Date "2025.10.24"]
[Round "1.4"]
[White "Scott, Sarah"]
[Black "Jain, Arpita"]
[Result "1/2-1/2"]
[WhiteElo "1959"]
[BlackElo "1625"]
[WhiteICU "1987"]
[WhiteClub "Knights of Eanna"]
[BlackClub "Knights of Eanna"]
[WhiteNationality "IRL"]
[BlackNationality "IND"]
[WhiteFideId "2507986"]
[BlackFideId "5093333"]
[PlyCount "67"]
[ECO "C70"]
[Opening "Ruy Lopez"]
[Variation "Caro variation"]
[FIDETournamentId "447968"]
[ChessResultsKey "1279549"]
[Venue "Talbot Hotel Stillorgan"]
[EventDate "2025.10.24"]
[TimeControl "5400+30"]

{ Event information: <a href="../pairings_irlchw2025.html">Tournament
report</a>. }

1. e4 e5 2. Nf3 Nc6 3. Bb5 a6 4. Ba4 b5 5. Bb3 Be7 6. d3 Bb7 7. a4 Nf6 8.
O-O O-O 9. Nc3 b4 10. Nd5 Nxd5 11. Bxd5 Bf6 12. c3 Rb8 13. Be3 bxc3 14.
bxc3 Na5 15. Nd2 Bxd5 16. exd5 g6 17. Qc2 Bg7 18. Rab1 Qe7 19. Rxb8 Rxb8
20. Rb1 Qd8 21. f3 d6 22. c4 f5 23. Rxb8 Qxb8 24. Qc3 Nb7 25. Qb4 Qc8 26.
Nb3 Nd8 27. Na5 Bf6 28. Nc6 Qb7 29. Qxb7 Nxb7 30. a5 Kf7 31. Kf1 Ke8 32.
Ke2 Kd7 33. Kd2 Kc8 34. Kc2 1/2-1/2

[Event "Irish Women's Championship 2025"]
[Site "Dublin IRL"]
[Date "2025.10.24"]
[Round "1.5"]
[White "Doolin, Nemhain"]
[Black "Barry, Suzanne"]
[Result "1-0"]
[WhiteElo "1840"]
[BlackElo "1573"]
[WhiteICU "1877"]
[BlackICU "1590"]
[WhiteClub "Moate Juniors"]
[BlackClub "Naomh Barrog"]
[WhiteNationality "IRL"]
[BlackNationality "IRL"]
[WhiteFideId "2517230"]
[BlackFideId "2507323"]
[PlyCount "43"]
[ECO "B23"]
[Opening "Sicilian"]
[Variation "closed, 2...Nc6"]
[FIDETournamentId "447968"]
[ChessResultsKey "1279549"]
[Venue "Talbot Hotel Stillorgan"]
[EventDate "2025.10.24"]
[TimeControl "5400+30"]

{ Event information: <a href="../pairings_irlchw2025.html">Tournament
report</a>. }

1. e4 c5 2. Nc3 Nc6 3. Bb5 e6 4. Bxc6 bxc6 5. d3 Ba6 6. f4 d5 7. Nf3 d4 8.
Ne2 Nf6 9. O-O Nh5 10. b3 Qf6 11. g4 g6 12. gxh5 gxh5 13. Kh1 h4 14. Qe1
Be7 15. e5 Qf5 16. Nxh4 Qh3 17. Ng2 Rg8 18. Rg1 f5 19. Qa5 Rg6 20. Qxa6 Qf3
21. Ba3 Kf7 22. Nxd4 1-0

[Event "Irish Women's Championship 2025"]
[Site "Dublin IRL"]
[Date "2025.10.24"]
[Round "1.6"]
[White "Fougerat, Emma"]
[Black "Gora, Antonina"]
[Result "0-1"]
[BlackTitle "WCM"]
[WhiteElo "1791"]
[BlackElo "1952"]
[BlackICU "1966"]
[WhiteClub "U.C.D."]
[BlackClub "Knights of Eanna"]
[WhiteNationality "POR"]
[BlackNationality "IRL"]
[WhiteFideId "45107505"]
[BlackFideId "1148290"]
[PlyCount "116"]
[ECO "A20"]
[Opening "English opening"]
[FIDETournamentId "447968"]
[ChessResultsKey "1279549"]
[Venue "Talbot Hotel Stillorgan"]
[EventDate "2025.10.24"]
[TimeControl "5400+30"]
[BlackFullName "G&oacute;ra, Antonina"]

{ Event information: <a href="../pairings_irlchw2025.html">Tournament
report</a>. }

1. c4 e5 2. g3 Nf6 3. Bg2 d5 4. cxd5 Nxd5 5. Nc3 Nb6 6. Nf3 Nc6 7. O-O Be7
8. a3 O-O 9. b4 Be6 10. d3 f6 11. Bb2 Qd7 12. Re1 Rad8 13. Rc1 Rfe8 14. Ne4
Bf7 15. Qc2 Bd6 16. Nfd2 Nd5 17. Nb3 Qg4 18. Bf3 Qg6 19. Nec5 Rb8 20. Nxb7
Ncxb4 21. axb4 Rxb7 22. Ra1 Rxb4 23. Nc5 Nf4 24. Rec1 Bxc5 25. Ba3 Bd6 26.
Bxb4 Bxb4 27. Rxa7 Bd6 28. Qc6 f5 29. Ra8 Nh3+ 30. Kg2 Nf4+ 31. Kg1 Nh3+
32. Kg2 Ng5 33. Rxe8+ Bxe8 34. Bd5+ Kf8 35. Qa8 Ke7 36. Rb1 Ne6 37. e3 f4
38. Rb8 Nc5 39. Bc4 Nd7 40. Rb7 Nb6 41. Qa6 Bc6+ 42. e4 Bxb7 43. Qxb7 Nxc4
44. dxc4 Kf6 45. Qc6 Kg5 46. c5 Bf8 47. Qd5 Qf6 48. f3 c6 49. gxf4+ Qxf4
50. Qxc6 Qd2+ 51. Kg3 Qe1+ 52. Kg2 Kf4 53. Qb5 Qd2+ 54. Kh3 Kxf3 55. Qf1+
Qf2 56. Qd3+ Qe3 57. Qf1+ Kxe4+ 58. Kg4 Qf4+ 0-1

[Event "Irish Women's Championship 2025"]
[Site "Dublin IRL"]
[Date "2025.10.25"]
[Round "2.1"]
[White "O'Gorman, Alice"]
[Black "Petrenko, Maryna"]
[Result "0-1"]
[BlackTitle "WFM"]
[WhiteElo "1960"]
[BlackElo "2002"]
[WhiteICU "2002"]
[BlackICU "2128"]
[WhiteClub "Elm Mount"]
[BlackClub "Blanchardstown"]
[WhiteNationality "IRL"]
[BlackNationality "UKR"]
[WhiteFideId "2508214"]
[BlackFideId "14197820"]
[PlyCount "94"]
[ECO "B44"]
[Opening "Sicilian defence"]
[FIDETournamentId "447968"]
[ChessResultsKey "1279549"]
[Venue "Talbot Hotel Stillorgan"]
[EventDate "2025.10.24"]
[TimeControl "5400+30"]

{ Event information: <a href="../pairings_irlchw2025.html">Tournament
report</a>. }

1. e4 c5 2. Nf3 e6 3. d4 cxd4 4. Nxd4 Nc6 5. a3 Qc7 6. Nc3 a6 7. Be2 Nf6 8.
O-O Be7 9. Kh1 O-O 10. f4 d6 11. g4 Nxd4 12. Qxd4 e5 13. Qd1 exf4 14. Bxf4
Be6 15. Nd5 Bxd5 16. exd5 b5 17. Qd3 Nd7 18. Qh3 Qb7 19. Rad1 Rfe8 20. Bd3
Nf8 21. Be4 Bf6 22. Bg2 Be5 23. Qf3 Ng6 24. Bxe5 Rxe5 25. Qg3 Rae8 26. Rd3
Qe7 27. Rc3 Nh4 28. Rd3 Re2 29. Bf3 Rxc2 30. g5 Ng6 31. Rb3 Rc4 32. Rc3
Rxc3 33. bxc3 Qe5 34. Qxe5 Nxe5 35. Be4 Rc8 36. a4 Rxc3 37. axb5 axb5 38.
Rb1 Rc5 39. Ra1 g6 40. h4 Rc4 41. Re1 b4 42. Kg2 b3 43. Kg3 b2 44. Bb1 Rc1
45. Kf2 Nc4 46. Ba2 Rxe1 47. Kxe1 Na3 0-1

[Event "Irish Women's Championship 2025"]
[Site "Dublin IRL"]
[Date "2025.10.25"]
[Round "2.2"]
[White "Jain, Arpita"]
[Black "Ferguson, Dayna"]
[Result "1-0"]
[WhiteElo "1625"]
[BlackElo "1808"]
[BlackICU "1814"]
[WhiteClub "Knights of Eanna"]
[BlackClub "Drogheda"]
[WhiteNationality "IND"]
[BlackNationality "IRL"]
[WhiteFideId "5093333"]
[BlackFideId "2509342"]
[PlyCount "65"]
[ECO "B50"]
[Opening "Sicilian"]
[FIDETournamentId "447968"]
[ChessResultsKey "1279549"]
[Venue "Talbot Hotel Stillorgan"]
[EventDate "2025.10.24"]
[TimeControl "5400+30"]

{ Event information: <a href="../pairings_irlchw2025.html">Tournament
report</a>. }

1. e4 c5 2. Nf3 d6 3. d4 Nf6 4. Bd3 cxd4 5. Nxd4 Nc6 6. c3 e5 7. Nf3 h6 8.
O-O Be7 9. h3 O-O 10. Be3 Be6 11. Nbd2 d5 12. exd5 Nxd5 13. Nc4 Nxe3 14.
Nxe3 Qc7 15. Be4 Rad8 16. Qe2 Nb8 17. Qb5 Nd7 18. Bd5 Nc5 19. Bxe6 Nxe6 20.
Qxe5 Bd6 21. Qf5 g6 22. Qc2 Nf4 23. Rad1 Qc6 24. Nd4 Qc5 25. Qe4 b6 26. Qf3
Rfe8 27. Rfe1 Bb8 28. h4 Qe7 29. g3 Rd6 30. Qxf4 Rf6 31. Qxh6 Qc5 32. Qg5
Qe7 33. Nd5 1-0

[Event "Irish Women's Championship 2025"]
[Site "Dublin IRL"]
[Date "2025.10.25"]
[Round "2.3"]
[White "Barry, Suzanne"]
[Black "Fougerat, Emma"]
[Result "0-1"]
[WhiteElo "1573"]
[BlackElo "1791"]
[WhiteICU "1590"]
[WhiteClub "Naomh Barrog"]
[BlackClub "U.C.D."]
[WhiteNationality "IRL"]
[BlackNationality "POR"]
[WhiteFideId "2507323"]
[BlackFideId "45107505"]
[PlyCount "70"]
[ECO "A38"]
[Opening "English"]
[Variation "symmetrical, main line with d3"]
[FIDETournamentId "447968"]
[ChessResultsKey "1279549"]
[Venue "Talbot Hotel Stillorgan"]
[EventDate "2025.10.24"]
[TimeControl "5400+30"]

{ Event information: <a href="../pairings_irlchw2025.html">Tournament
report</a>. }

1. c4 c5 2. g3 g6 3. Bg2 Bg7 4. Nf3 Nf6 5. O-O O-O 6. d3 Nc6 7. Nc3 a6 8.
Bg5 d6 9. Qd2 Re8 10. e4 Rb8 11. Bh6 Bh8 12. Nh4 b5 13. cxb5 axb5 14. Ne2
Bb7 15. f4 Ng4 16. f5 Nxh6 17. Qxh6 Bg7 18. Qd2 Qb6 19. fxg6 fxg6 20. Kh1
Rf8 21. Qg5 Bxb2 22. Rab1 Bf6 23. Qd5+ Kg7 24. Nf4 Nd4 25. Ne6+ Kg8 26.
Rxb5 Qxb5 27. Nc7+ Bxd5 28. Nxb5 Bxa2 29. Nxd4 Bxd4 30. Nf3 Bg7 31. h4 Rb1
32. Nd2 Rfxf1+ 33. Nxf1 c4 34. Kh2 c3 35. Ne3 Rb2 0-1

[Event "Irish Women's Championship 2025"]
[Site "Dublin IRL"]
[Date "2025.10.25"]
[Round "2.4"]
[White "Dorman, Orla"]
[Black "Batbaatar, Manduhkai"]
[Result "0-1"]
[WhiteElo "1691"]
[BlackElo "1645"]
[WhiteICU "1743"]
[WhiteNationality "IRL"]
[BlackNationality "IRL"]
[WhiteFideId "456039"]
[BlackFideId "2523353"]
[PlyCount "96"]
[ECO "C53"]
[Opening "Giuoco Piano"]
[FIDETournamentId "447968"]
[ChessResultsKey "1279549"]
[Venue "Talbot Hotel Stillorgan"]
[EventDate "2025.10.24"]
[TimeControl "5400+30"]

{ Event information: <a href="../pairings_irlchw2025.html">Tournament
report</a>. }

1. e4 e5 2. Nf3 Nc6 3. Bc4 Bc5 4. c3 h6 5. d4 exd4 6. cxd4 Bb4+ 7. Nc3 Nf6
8. e5 Nh7 9. O-O O-O 10. a3 Ba5 11. Qe2 Bxc3 12. bxc3 d5 13. Bd3 Bg4 14. h3
Be6 15. Qc2 f5 16. Nd2 Ng5 17. f4 Ne4 18. Nxe4 dxe4 19. Be2 Qh4 20. Kh2 Kh8
21. Be3 Rad8 22. Rad1 Qe7 23. Ra1 Qf7 24. Rac1 a6 25. Qb2 Na5 26. Rfd1 Bc4
27. Re1 Bxe2 28. Rxe2 b6 29. Qc2 Qc4 30. Rb1 Nc6 31. Ree1 Nxd4 32. Bxd4
Rxd4 33. Qb2 Rd3 34. Qb4 Qxb4 35. cxb4 Rxa3 36. Red1 Rd3 37. Rdc1 Rd7 38.
Ra1 Ra8 39. Kg3 Ra7 40. Rc6 Kg8 41. e6 Rd6 42. Rac1 Rxc6 43. Rxc6 a5 44.
bxa5 bxa5 45. Kf2 a4 46. g4 g6 47. Rc2 Kf8 48. Ke3 a3 0-1

[Event "Irish Women's Championship 2025"]
[Site "Dublin IRL"]
[Date "2025.10.25"]
[Round "2.5"]
[White "Gora, Antonina"]
[Black "Scott, Sarah"]
[Result "1/2-1/2"]
[WhiteTitle "WCM"]
[WhiteElo "1952"]
[BlackElo "1959"]
[WhiteICU "1966"]
[BlackICU "1987"]
[WhiteClub "Knights of Eanna"]
[BlackClub "Knights of Eanna"]
[WhiteNationality "IRL"]
[BlackNationality "IRL"]
[WhiteFideId "1148290"]
[BlackFideId "2507986"]
[PlyCount "44"]
[ECO "B13"]
[Opening "Caro-Kann"]
[Variation "exchange variation"]
[FIDETournamentId "447968"]
[ChessResultsKey "1279549"]
[Venue "Talbot Hotel Stillorgan"]
[EventDate "2025.10.24"]
[TimeControl "5400+30"]
[WhiteFullName "G&oacute;ra, Antonina"]

{ Event information: <a href="../pairings_irlchw2025.html">Tournament
report</a>. }

1. e4 c6 2. d4 d5 3. exd5 cxd5 4. Bd3 Nc6 5. c3 Nf6 6. h3 g6 7. Nf3 Bf5 8.
O-O Bxd3 9. Qxd3 e6 10. Bf4 Nh5 11. Bh2 Bd6 12. Ne5 f6 13. Nxc6 Bxh2+ 14.
Kxh2 bxc6 15. Nd2 O-O 16. Qe3 Qd6+ 17. f4 g5 18. g3 gxf4 19. gxf4 Kh8 20.
Rae1 Rae8 21. Nb3 Rg8 22. Rf3 Ng7 1/2-1/2

[Event "Irish Women's Championship 2025"]
[Site "Dublin IRL"]
[Date "2025.10.25"]
[Round "2.6"]
[White "Mirza, Diana"]
[Black "Doolin, Nemhain"]
[Result "0-1"]
[WhiteTitle "WFM"]
[WhiteElo "2004"]
[BlackElo "1840"]
[WhiteICU "1980"]
[BlackICU "1877"]
[WhiteClub "U.C.D."]
[BlackClub "Moate Juniors"]
[WhiteNationality "IRL"]
[BlackNationality "IRL"]
[WhiteFideId "2503999"]
[BlackFideId "2517230"]
[PlyCount "90"]
[ECO "D05"]
[Opening "Queen's pawn game"]
[FIDETournamentId "447968"]
[ChessResultsKey "1279549"]
[Venue "Talbot Hotel Stillorgan"]
[EventDate "2025.10.24"]
[TimeControl "5400+30"]

{ Event information: <a href="../pairings_irlchw2025.html">Tournament
report</a>. }

1. Nf3 d5 2. e3 e6 3. d4 Nf6 4. Bd3 Be7 5. Nbd2 O-O 6. b3 Nbd7 7. Bb2 b6 8.
Ne5 Bb7 9. Qf3 c5 10. Qh3 Nxe5 11. dxe5 Ne4 12. O-O g6 13. Bxe4 dxe4 14.
Rad1 Qc7 15. Qg4 Qc6 16. h4 h5 17. Qh3 Kg7 18. a4 Rad8 19. Rfe1 Ba6 20. f3
exf3 21. gxf3 c4 22. Bd4 cxb3 23. cxb3 Bd3 24. Rc1 Qd5 25. Rc7 Bb4 26. Qg2
a5 27. Rd1 Rc8 28. Bxb6 Rxc7 29. Bxc7 Bc2 30. Rc1 Bxd2 31. Rxc2 Bxe3+ 32.
Kh1 Qd1+ 33. Kh2 Bf4+ 34. Kh3 Rc8 35. Rc4 Qxb3 36. Rxf4 Rxc7 37. Qg5 Qd1
38. Qf6+ Kg8 39. Kg3 Qg1+ 40. Kh3 Qf1+ 41. Kg3 Qg1+ 42. Kh3 Rd7 43. Qg5
Qh1+ 44. Kg3 Rd2 45. Rg4 Qh2# 0-1

[Event "Irish Women's Championship 2025"]
[Site "Dublin IRL"]
[Date "2025.10.25"]
[Round "3.1"]
[White "Fougerat, Emma"]
[Black "Jain, Arpita"]
[Result "0-1"]
[WhiteElo "1791"]
[BlackElo "1625"]
[WhiteClub "U.C.D."]
[BlackClub "Knights of Eanna"]
[WhiteNationality "POR"]
[BlackNationality "IND"]
[WhiteFideId "45107505"]
[BlackFideId "5093333"]
[PlyCount "78"]
[ECO "A30"]
[Opening "English"]
[Variation "symmetrical variation"]
[FIDETournamentId "447968"]
[ChessResultsKey "1279549"]
[Venue "Talbot Hotel Stillorgan"]
[EventDate "2025.10.24"]
[TimeControl "5400+30"]

{ Event information: <a href="../pairings_irlchw2025.html">Tournament
report</a>. }

1. c4 c5 2. g3 g6 3. Bg2 Bg7 4. Nf3 Nf6 5. O-O O-O 6. Nc3 Nc6 7. a3 d6 8.
Rb1 Bf5 9. d3 a5 10. Bd2 Qd7 11. Re1 Bh3 12. Bh1 h6 13. Na4 Ra6 14. Bc3 Kh7
15. Qc2 e5 16. Nxe5 Nxe5 17. Bxe5 dxe5 18. Nxc5 Qd6 19. Nxa6 Qxa6 20. Qb3
b6 21. Rec1 Nd7 22. Bc6 Nc5 23. Qc2 Qc8 24. Bf3 Qf5 25. b4 axb4 26. axb4
Ne6 27. Be4 Qg5 28. e3 f5 29. Bd5 f4 30. exf4 exf4 31. Bg2 Bxg2 32. Kxg2
f3+ 33. Kf1 Qg4 34. h4 Nd4 35. Qa4 b5 36. Qd1 Re8 37. Kg1 Ne2+ 38. Kh2 Be5
39. Qe1 Qxh4# 0-1

[Event "Irish Women's Championship 2025"]
[Site "Dublin IRL"]
[Date "2025.10.25"]
[Round "3.2"]
[White "Scott, Sarah"]
[Black "O'Gorman, Alice"]
[Result "1/2-1/2"]
[WhiteElo "1959"]
[BlackElo "1960"]
[WhiteICU "1987"]
[BlackICU "2002"]
[WhiteClub "Knights of Eanna"]
[BlackClub "Elm Mount"]
[WhiteNationality "IRL"]
[BlackNationality "IRL"]
[WhiteFideId "2507986"]
[BlackFideId "2508214"]
[PlyCount "41"]
[ECO "B51"]
[Opening "Sicilian"]
[Variation "Canal-Sokolsky (Nimzovich-Rossolimo, Moscow) attack"]
[FIDETournamentId "447968"]
[ChessResultsKey "1279549"]
[Venue "Talbot Hotel Stillorgan"]
[EventDate "2025.10.24"]
[TimeControl "5400+30"]

{ Event information: <a href="../pairings_irlchw2025.html">Tournament
report</a>. }

1. e4 c5 2. Nf3 d6 3. Bb5+ Nd7 4. c3 Nf6 5. Qe2 a6 6. Ba4 b5 7. Bc2 Bb7 8.
d4 g6 9. O-O Bg7 10. Rd1 O-O 11. e5 Nd5 12. e6 N7b6 13. exf7+ Rxf7 14. Ng5
Rf6 15. Ne6 Qd7 16. Nxg7 Kxg7 17. Bg5 Rf7 18. dxc5 dxc5 19. Nd2 Qc7 20. Ne4
Qe5 21. Re1 1/2-1/2

[Event "Irish Women's Championship 2025"]
[Site "Dublin IRL"]
[Date "2025.10.25"]
[Round "3.3"]
[White "Ferguson, Dayna"]
[Black "Barry, Suzanne"]
[Result "1-0"]
[WhiteElo "1808"]
[BlackElo "1573"]
[WhiteICU "1814"]
[BlackICU "1590"]
[WhiteClub "Drogheda"]
[BlackClub "Naomh Barrog"]
[WhiteNationality "IRL"]
[BlackNationality "IRL"]
[WhiteFideId "2509342"]
[BlackFideId "2507323"]
[PlyCount "53"]
[ECO "A56"]
[Opening "Benoni defence, Hromodka system"]
[FIDETournamentId "447968"]
[ChessResultsKey "1279549"]
[Venue "Talbot Hotel Stillorgan"]
[EventDate "2025.10.24"]
[TimeControl "5400+30"]

{ Event information: <a href="../pairings_irlchw2025.html">Tournament
report</a>. }

1. d4 Nf6 2. c4 c5 3. d5 d6 4. Nf3 e6 5. h3 exd5 6. cxd5 Be7 7. e4 O-O 8.
Bd3 a6 9. a4 Qb6 10. O-O Nbd7 11. Re1 Ne5 12. Nxe5 dxe5 13. a5 Qd6 14. Nd2
g6 15. Nc4 Qc7 16. Bg5 Nxd5 17. Bh6 Rd8 18. exd5 Rxd5 19. Nb6 Rxd3 20. Qxd3
Bf5 21. Qc3 Rd8 22. Qxe5 Qxe5 23. Rxe5 Bf6 24. Re2 Bg7 25. Bxg7 Kxg7 26.
Rc1 Bd3 27. Rd2 1-0

[Event "Irish Women's Championship 2025"]
[Site "Dublin IRL"]
[Date "2025.10.25"]
[Round "3.4"]
[White "Petrenko, Maryna"]
[Black "Gora, Antonina"]
[Result "1-0"]
[WhiteTitle "WFM"]
[BlackTitle "WCM"]
[WhiteElo "2002"]
[BlackElo "1952"]
[WhiteICU "2128"]
[BlackICU "1966"]
[WhiteClub "Blanchardstown"]
[BlackClub "Knights of Eanna"]
[WhiteNationality "UKR"]
[BlackNationality "IRL"]
[WhiteFideId "14197820"]
[BlackFideId "1148290"]
[PlyCount "73"]
[ECO "E01"]
[Opening "Catalan"]
[Variation "closed"]
[FIDETournamentId "447968"]
[ChessResultsKey "1279549"]
[Venue "Talbot Hotel Stillorgan"]
[EventDate "2025.10.24"]
[TimeControl "5400+30"]
[BlackFullName "G&oacute;ra, Antonina"]

{ Event information: <a href="../pairings_irlchw2025.html">Tournament
report</a>. }

1. d4 Nf6 2. c4 e6 3. g3 d5 4. Bg2 b6 5. Nf3 Bb7 6. cxd5 exd5 7. O-O Be7 8.
Nc3 O-O 9. Ne5 Nc6 10. Qa4 Nxe5 11. dxe5 Ne8 12. Nxd5 Bxd5 13. Rd1 c6 14.
e4 Nc7 15. exd5 cxd5 16. Qb3 Bc5 17. Bxd5 Nxd5 18. Rxd5 Qc8 19. Be3 Bxe3
20. Qxe3 Qc2 21. Rd2 Qf5 22. Rc1 Rae8 23. Re2 Re6 24. Qe4 Qxe4 25. Rxe4 f6
26. Ra4 Rxe5 27. Rxa7 Ra5 28. Rb7 Rxa2 29. Rcc7 Re8 30. Rxg7+ Kh8 31. Rxh7+
Kg8 32. Rhg7+ Kh8 33. Rgf7 Rxb2 34. Rxf6 b5 35. Kg2 b4 36. Rf4 b3 37. Rf3
1-0

[Event "Irish Women's Championship 2025"]
[Site "Dublin IRL"]
[Date "2025.10.25"]
[Round "3.5"]
[White "Batbaatar, Manduhkai"]
[Black "Mirza, Diana"]
[Result "0-1"]
[BlackTitle "WFM"]
[WhiteElo "1645"]
[BlackElo "2004"]
[BlackICU "1980"]
[BlackClub "U.C.D."]
[WhiteNationality "IRL"]
[BlackNationality "IRL"]
[WhiteFideId "2523353"]
[BlackFideId "2503999"]
[PlyCount "74"]
[ECO "B21"]
[Opening "Sicilian"]
[Variation "Smith-Morra gambit"]
[FIDETournamentId "447968"]
[ChessResultsKey "1279549"]
[Venue "Talbot Hotel Stillorgan"]
[EventDate "2025.10.24"]
[TimeControl "5400+30"]

{ Event information: <a href="../pairings_irlchw2025.html">Tournament
report</a>. }

1. e4 c5 2. d4 cxd4 3. Qxd4 Nc6 4. Qd1 Nf6 5. Nc3 g6 6. Nf3 d6 7. h3 Bg7 8.
Bc4 O-O 9. a3 a6 10. O-O b5 11. Ba2 Bb7 12. Re1 Rc8 13. Bf4 Nd7 14. Qd2
Nce5 15. Nh2 Nb6 16. Bxe5 Bxe5 17. Ng4 Nc4 18. Bxc4 Rxc4 19. Nxe5 dxe5 20.
Qe3 Rd4 21. f3 Qd6 22. Rad1 Rd8 23. Qe2 Qc5 24. Kh1 Rc8 25. Rxd4 exd4 26.
Nd5 e6 27. b4 Qd6 28. Nf6+ Kg7 29. e5 Qc7 30. Qd3 Qc3 31. Rd1 Qxd3 32. Rxd3
Rxc2 33. Rxd4 Re2 34. Nd7 Bd5 35. Rd3 Bc4 36. Rc3 Rd2 37. Rc1 Rxd7 0-1

[Event "Irish Women's Championship 2025"]
[Site "Dublin IRL"]
[Date "2025.10.26"]
[Round "4.1"]
[White "Doolin, Nemhain"]
[Black "Petrenko, Maryna"]
[Result "1/2-1/2"]
[BlackTitle "WFM"]
[WhiteElo "1840"]
[BlackElo "2002"]
[WhiteICU "1877"]
[BlackICU "2128"]
[WhiteClub "Moate Juniors"]
[BlackClub "Blanchardstown"]
[WhiteNationality "IRL"]
[BlackNationality "UKR"]
[WhiteFideId "2517230"]
[BlackFideId "14197820"]
[PlyCount "69"]
[ECO "B23"]
[Opening "Sicilian"]
[Variation "closed"]
[FIDETournamentId "447968"]
[ChessResultsKey "1279549"]
[Venue "Talbot Hotel Stillorgan"]
[EventDate "2025.10.24"]
[TimeControl "5400+30"]

{ Event information: <a href="../pairings_irlchw2025.html">Tournament
report</a>. }

1. e4 c5 2. Nc3 e6 3. d4 cxd4 4. Qxd4 Nc6 5. Qd3 Nb4 6. Qe2 a6 7. Bf4 Qa5
8. a3 Nc6 9. Qd2 Bb4 10. Nge2 Nf6 11. f3 d5 12. O-O-O Bxc3 13. Nxc3 d4 14.
Ne2 Qxd2+ 15. Bxd2 e5 16. c3 dxc3 17. Nxc3 Be6 18. Bd3 O-O-O 19. Bc2 b5 20.
b4 Ne8 21. Be3 Nd6 22. Nd5 Kb7 23. Bb3 a5 24. Bc5 Nc8 25. Kb2 a4 26. Ba2 f6
27. Rc1 Rhe8 28. Rc2 Rd7 29. Rhc1 Bg8 30. Be3 N8e7 31. Nxe7 Nxe7 32. Bxg8
Rxg8 33. Rc5 Ka6 34. Rc7 Rgd8 35. R1c3 1/2-1/2